 Dungeon Crawl Stone Soup version 0.23.0-2-g0fe3ce5 (webtiles) character file.

Game seed: 6000761072345689729

294 Kairos the Cudgeler (level 6, 0/46 HPs)
             Began as a Demonspawn Gladiator on Feb 19, 2019.
             Was a Follower of Makhleb.
             Slain by a rat (3 damage)
             ... in a sewer.
             The game lasted 00:06:58 (4667 turns).

Kairos the Cudgeler (Demonspawn Gladiator)          Turns: 4667, Time: 00:06:58

Health: 0/46       AC:  8    Str: 16    XL:     6   Next: 11%
Magic:  6/6        EV: 12    Int: 10    God:    Makhleb [*.....]
Gold:   96         SH:  4    Dex: 14    Spells: 5/5 levels left

rFire    . . .     SeeInvis .   a - +0 flail
rCold    . . .     Gourm    +   (no shield)
rNeg     . . .     Faith    .   l - +0 ring mail
rPois    .         Spirit   .   p - +0 helmet
rElec    .         Reflect  .   n - +0 cloak
rCorr    +         Harm     .   C - +0 pair of gloves
MR       .....                  (no boots)
Stlth    +.........             e - amulet of the gourmand
HPRegen  0.15/turn              w - ring of resist corrosion
MPRegen  0.10/turn              (no ring)

@: lethally poisoned (0 -> -1), hasted, very quick
A: large bone plates 1
a: Renounce Religion


You were in a sewer.
You worshipped Makhleb.
Makhleb was aware of your devotion.
You were hungry.

You visited 1 branch of the dungeon, and saw 4 of its levels.
You also visited: Sewer.

You collected 96 gold pieces.

Inventory:

Hand Weapons
 a - a +0 flail (weapon)
Missiles
 d - 5 throwing nets (quivered)
 x - 6 steel javelins
Armour
 b - a +0 leather armour
 c - a +0 helmet
 l - a +0 ring mail (worn)
 n - a +0 cloak (worn)
 p - a +0 helmet (worn)
 C - a +0 pair of gloves (worn)
Jewellery
 e - an amulet of the gourmand (around neck)
 w - a ring of resist corrosion (left hand)
Wands
 r - a wand of scattershot (8)
Scrolls
 h - a scroll of immolation
 i - a scroll of remove curse
 m - 3 scrolls of teleportation
 t - a scroll of fear {unknown}
 u - a scroll of enchant armour {unknown}
 y - a scroll of identify {unknown}
 B - a scroll of magic mapping
Potions
 g - a potion of berserk rage {unknown}
 j - 2 potions of cancellation {unknown}
 k - a potion of mutation {unknown}
 o - a potion of magic {unknown}
 q - a potion of brilliance {unknown}
 s - a potion of might {unknown}
 v - a potion of lignification {unknown}
 z - a potion of heal wounds {unknown}
 A - a potion of haste
Comestibles
 f - 4 rations


   Skills:
 + Level 2.9 Fighting
 + Level 4.3 Maces & Flails
 + Level 1.9 Throwing
 + Level 2.3 Armour
 + Level 3.7 Dodging
 + Level 0.7 Stealth


You had 5 spell levels left.
You didn't know any spells.
Your spell library was empty.

Dungeon Overview and Level Annotations

Branches:
Dungeon (4/15)             Temple (0/1) D:4

Altars:
Makhleb
Zin

Annotations:
D:3 3 runed translucent doors, EtherCrawl's ghost, amateur DrTm


Innate Abilities, Weirdness & Mutations

You are partially covered in large bone plates. (SH +4)


Message History

The river rat is severely wounded.
The river rat bites you.
* * * LOW HITPOINT WARNING * * *
The rat closely misses you. x2
You closely miss the river rat.
The river rat is severely wounded.
The river rat closely misses you. You block the rat's attack.
You barely miss the river rat.
The river rat is severely wounded.
You feel sick.
The rat splashes around in the water.
The rat misses you. The river rat bites you.
* * * LOW HITPOINT WARNING * * *
The rat splashes around in the water.
You closely miss the river rat.
The river rat is severely wounded.
The rat bites you but does no damage. The rat barely misses you.
You barely miss the river rat.
The river rat is severely wounded.
The river rat barely misses you. The rat misses you. The rat bites you.
You die...

....'..# ....#..# #...####
#....####################
#.....#≈≈≈≈≈≈≈≈.#≈≈≈≈≈#.###
#......≈≈≈≈≈≈≈..≈≈≈≈≈≈....##
#.....≈≈≈≈≈≈≈≈≈.≈≈≈≈≈≈.....#
##.....≈≈≈≈≈≈≈..rr≈≈≈≈≈....#
##...≈≈≈≈≈≈≈≈..@r≈≈≈≈.....#
###..≈≈≈≈≈≈≈≈≈#r≈≈≈≈#..r..
################### S.. .


You could see a river rat and 3 rats.

Vanquished Creatures
  A scorpion (D:4)
  A crimson imp (D:4)
  A hound (D:2)
  4 river rats (Sewer)
  5 adders
  A shadow imp (D:4)
  An ooze (D:1)
  2 dart slugs (D:1)
  A leopard gecko (D:2)
  An orc (D:4)
  6 ball pythons (Sewer)
  3 bats
  6 giant cockroaches
  7 goblins
  10 hobgoblins
  5 jackals (D:1)
  4 frilled lizards
  6 kobolds
  21 rats
86 creatures vanquished.

Notes
Turn   | Place    | Note
-------+----------+-------------------------------------------
     0 | D:1      | Kairos the Demonspawn Gladiator began the quest for the
                  | Orb.
     0 | D:1      | Reached XP level 1. HP: 16/16 MP: 1/1
    76 | D:1      | Gained mutation: You are partially covered in large bone
                  | plates. (SH +4) [demonic ancestry]
    76 | D:1      | Reached XP level 2. HP: 19/22 MP: 2/2
   581 | D:1      | Reached skill level 3 in Maces & Flails
  1016 | D:2      | Reached XP level 3. HP: 13/27 MP: 3/3
  1748 | D:2      | Found a burning altar of Makhleb.
  1761 | D:2      | Reached skill level 1 in Armour
  1761 | D:2      | Reached XP level 4. HP: 16/33 MP: 4/4
  2090 | D:2      | Became a worshipper of Makhleb the Destroyer
  2608 | D:3      | Found a runed translucent gate.
  2608 | D:3      | Found a runed translucent gate.
  2609 | D:3      | Found a runed translucent gate.
  2609 | D:3      | Noticed EtherCrawl's ghost (amateur DrTm)
  2609 | D:3      | Identified the +10 whip of the Coward {drain, Dex+5}
  2609 | D:3      | Noticed a big kobold
  2954 | D:3      | Found a glowing silver altar of Zin.
  2954 | D:3      | Noticed an angel
  3247 | D:4      | Reached XP level 5. HP: 29/39 MP: 5/5
  3250 | D:4      | Reached skill level 4 in Maces & Flails
  3652 | D:4      | Found a staircase to the Ecumenical Temple.
  3700 | D:4      | Found a glowing drain.
  3754 | Sewer    | Entered a sewer
  3793 | Sewer    | Reached * piety under Makhleb
  4638 | Sewer    | Reached XP level 6. HP: 38/46 MP: 6/6
  4667 | Sewer    | Slain by a rat

Skill      XL: |  1  2  3  4  5 |
---------------+----------------+-----
Dodging        | 3 |  3.7
Maces & Flails | 3 4 |  4.3
Armour         | 1 2 |  2.3
Fighting       | |  2.9
Throwing       | |  1.9
Stealth        | |  0.7

Action                   |  1- 3 |  4- 6 || total
-------------------------+-------+-------++-------
Melee: Flail             |   117 |   215 ||   332
  Use: Scroll            |       |     6 ||     6
       Potion            |       |     2 ||     2
 Stab: Invisible         |       |     3 ||     3
  Eat: Chunk             |     3 |     5 ||     8
       Ration            |       |     1 ||     1
Armor: Leather armour    |    39 |    19 ||    58
       Ring mail         |       |    62 ||    62
Dodge: Dodged            |    90 |   179 ||   269
Block: Other             |    19 |    61 ||    80
